 Dungeon Crawl Stone Soup version 0.30-a0-359-gd0147acb1a (webtiles) character file.

Game seed: 14327648533259554171

34 oldriver the Ogre Mage (level 3, 0/36 HPs)
             Began as an Ogre Transmuter on Nov 11, 2022.
             Slain by a gnoll
             ... wielding a +0 spear
              (7 damage)
             ... on level 2 of the Dungeon.
             The game lasted 00:01:35 (1111 turns).

oldriver the Ogre Mage (Ogre Transmuter)            Turns: 1111, Time: 00:01:35

Health: 0/36       AC:  3    Str: 14    XL:     3   Next: 31%
Magic:  5/7        EV:  9    Int: 16    God:
Gold:   29         SH:  0    Dex:  9    Spells: 1/7 levels left

rFire   . . .      SeeInvis .      - Unarmed
rCold   . . .      Faith    .    (no shield)
rNeg    . . .      Spirit   .    a - +0 robe
rPois   .          Reflect  .    (helmet restricted)
rElec   .          Harm     .    (no cloak)
rCorr   .          Rampage  .    (gloves unavailable)
Will    .....                    (boots unavailable)
Stlth   +.........               (no amulet)
HPRegen 0.26/turn                (no ring)
MPRegen 0.10/turn                (no ring)

@: wereblooded
A: large, unfitting armour, tough skin 1
a: no special abilities


You were on level 2 of the Dungeon.
You visited 1 branch of the dungeon, and saw 2 of its levels.

You collected 29 gold pieces.

Inventory:

Armour
 a - a +0 robe (worn)
Scrolls
 d - a scroll of silence {unknown}
 e - 2 scrolls of identify {unknown}
 f - a scroll of enchant armour {unknown}
 j - a scroll of teleportation {unknown}
Potions
 b - a potion of lignification
 c - a potion of heal wounds {unknown}
 g - a potion of cancellation {unknown}
 h - a potion of brilliance {unknown}
 i - a potion of curing {unknown}


   Skills:
 + Level 2.3 Fighting
 - Level 1.7 Dodging
 - Level 2.6 Unarmed Combat
 + Level 2.9 Spellcasting
 * Level 2.6 Transmutations


You had one spell level left.
You knew the following spells:

 Your Spells              Type           Power      Damage    Failure   Level
a - Beastly Appendage     Tmut           20%        N/A       6%          1
b - Wereblood             Tmut           10%        N/A       10%         2
c - Spider Form           Tmut/Pois      6%         N/A       32%         3

Your spell library contained the following spells:

 Spells                   Type           Power      Damage    Failure   Level
 Ice Form                 Ice/Tmut       6%         N/A       73%         4


Dungeon Overview and Level Annotations

Branches:
Dungeon (2/15)

Altars:

Annotations:
D:2 Terence


Innate Abilities, Weirdness & Mutations

You are too large for most types of armour.
You have tough skin. (AC +1)


Message History

Confirm with . or Enter, or press ? or * to list all spells.
Your blood is infused with primal strength.
The goblin hits you with a +0 dagger.
You hit the goblin. Your kick misses the goblin. You headbutt the goblin.
You feel a bit better.
You kill the goblin!
The gnoll hits you with a +0 whip. The gnoll hits you but does no damage.
Things that are here:
a +0 dagger; a goblin corpse You hit the gnoll but do no damage.
You claw the gnoll!
The gnoll is heavily wounded.
You howl as the wereblood boils in your veins!
Your transformation is almost over.
The gnoll hits you with a +0 whip. The gnoll hits you but does no damage.
You hit the gnoll.
The gnoll is heavily wounded.
The gnoll barely misses you.
The gnoll hits you from afar with a +0 spear.
You hit the gnoll.
The gnoll is almost dead.
The gnoll hits you with a +0 whip.
You closely miss the gnoll. Your headbutt misses the gnoll.
The gnoll is almost dead.
The gnoll barely misses you.
You hit the gnoll. Your kick misses the gnoll.
The gnoll is almost dead.
The gnoll hits you with a +0 whip.
The gnoll hits you from afar with a +0 spear.
The gnoll attacks as you move away! The gnoll barely misses you.
You barely miss the gnoll.
The gnoll is almost dead.
The gnoll barely misses you.
The gnoll hits you from afar with a +0 spear.
* * * LOW HITPOINT WARNING * * *
There is a stone staircase leading up here.
You howl as the wereblood boils in your veins!
Your horns disappear.
Your talons disappear.
The gnoll barely misses you.
The gnoll hits you from afar with a +0 spear!
You die...

####g.# #....##
#g#### ## #.#
....###.######
#....g@g)g.#
#####.####g#######
#..# ##g......#
..#
##.####.@#####.##
.. # #..#.....#
#..#
...###.#..###.#
##.# .
..#.#.###..# #.#
#.#.#...###.####
#.#
#.#.#.#........#
#.#
#.....#........#
#.#
##..............#
#.#
.#..##..#........#
#.#


You could see 3 gnolls.

Vanquished Creatures
  A worm (D:2)
  3 bats (D:1)
  4 endoplasms
  A giant cockroach (D:1)
  A goblin (D:2)
  3 hobgoblins (D:1)
  2 kobolds (D:1)
  A quokka (D:1)
  6 ball pythons
  2 frilled lizards (D:1)
  5 rats
29 creatures vanquished.

Notes
Turn   | Place    | Note
-------+----------+-------------------------------------------
     0 | D:1      | oldriver the Ogre Transmuter began the quest for the Orb.
     0 | D:1      | Reached XP level 1. HP: 19/19 MP: 3/3
   159 | D:1      | Reached XP level 2. HP: 25/28 MP: 3/5
   599 | D:1      | Reached XP level 3. HP: 35/35 MP: 5/7
   828 | D:2      | Learned a level 2 spell: Wereblood
   832 | D:2      | Learned a level 3 spell: Spider Form
  1062 | D:2      | Noticed Terence
  1111 | D:2      | Slain by a gnoll

Illustrated notes

Levels and vault maps discovered:
D:1:      shiori_arrival_maze, layout_loops_cross
D:2:      layout_rooms, serial_shops, nicolae_shop_trees,
          minmay_misc_feat_tower, uniq_terence

Skill      XL: |  1  2 |
---------------+-------+-----
Transmutations | 2 |  2.6
Fighting       | 2 |  2.3
Dodging        | |  1.7
Unarmed Combat | |  2.6
Spellcasting   | |  2.9

Action                   || total
-------------------------++-------
Melee: Unarmed           ||    75
       Kick              ||    18
       Headbutt          ||     7
       Punch             ||     1
 Cast: Beastly Appendage ||    21
       Wereblood         ||     1
 Stab: Sleeping          ||     1
Armor: Robe              ||    29
Dodge: Dodged            ||    42

Table legend: (Time is in decaauts)
 A = Elapsed time spent in this place.
 B = Non-inter-level travel time spent in this place.
 C = Inter-level travel time spent in this place.
 D = Time resting spent in this place.
 E = Time spent auto-exploring this place.
 F = Levels seen in this place.
 G = Mean time per level.
                   A        B        C        D        E       F      G
               +--------+--------+--------+--------+--------+-----+--------+
         Total |   1105 |   1075 |     30 |      0 |    820 |   2 |  552.5 |
       Dungeon |   1105 |   1075 |     30 |      0 |    820 |   2 |  552.5 |
               +--------+--------+--------+--------+--------+-----+--------+

Top non-repeatable levels by time:
     D:1: 820 daAuts
     D:2: 285 daAuts
